 Dungeon Crawl Stone Soup version 0.20.1-1-g8b1a95d (webtiles) character file.

514 letownia2 the Grave Robber (level 7, -11/61 HPs)
             Began as a Deep Dwarf Necromancer on Nov 2, 2017.
             Mangled by AdmiralAndromeda's ghost (15 damage)
             ... on level 5 of the Dungeon.
             The game lasted 00:07:27 (2364 turns).

letownia2 the Grave Robber (Deep Dwarf Necromancer) Turns: 2364, Time: 00:07:27

Health: -11/61     AC:  9    Str: 12    XL:     7   Next: 0%
Magic:  12/12      EV: 11    Int: 17    God:
Gold:   130        SH:  0    Dex: 13    Spells: 8/12 levels left

rFire    . . .     SeeInvis .   a - +0 dagger (venom)
rCold    + . .     Gourm    .   (no shield)
rNeg     . . .     Faith    .   h - +4 ring mail {rC+}
rPois    .         Spirit   .   (no helmet)
rElec    .         Reflect  .   (no cloak)
rCorr    .         Harm     .   (no gloves)
MR       +....                  (no boots)
Stlth    +.........             (no amulet)
Regen    0.0/turn               (no ring)
MPRegen  0.2/turn               (no ring)

@: non-regenerating
A: damage resistance, heal wounds, sense surroundings 1, no regeneration
a: Heal Wounds


You were on level 5 of the Dungeon.
You were not hungry.

You visited 1 branch of the dungeon, and saw 6 of its levels.

You collected 130 gold pieces.

Inventory:

Hand Weapons
 a - a +0 dagger of venom (weapon)
Missiles
 q - 19 poisoned needles
Armour
 h - a +4 ring mail of cold resistance (worn)
 i - a +0 leather armour
 k - the +4 robe of Ikha {SInv}
   (You found it on level 4 of the Dungeon)

   It lets you see invisible.
 o - a cursed +0 scale mail
Wands
 r - a wand of lightning (11/15)
Scrolls
 d - 2 scrolls of blinking {unknown}
 g - a scroll of recharging {unknown}
 j - a scroll of fog {unknown}
 l - a scroll of magic mapping {unknown}
 m - 2 scrolls of identify {unknown}
 s - a scroll of fear {unknown}
Potions
 e - a potion of heal wounds {unknown}
 f - a potion of berserk rage
 p - a potion of invisibility {unknown}
 t - 2 potions of lignification {unknown}
Books
 b - a book of Necromancy

   Spells                             Type                      Level
   a - Pain                           Necromancy                   1
   b - Animate Skeleton               Necromancy                   1
   c - Vampiric Draining              Necromancy                   3
   d - Regeneration                   Charms/Necromancy            3
   e - Animate Dead                   Necromancy                   4
   f - Control Undead                 Necromancy                   4
Comestibles
 c - 2 bread rations
 n - a meat ration


   Skills:
 + Level 2.4 Fighting
 - Level 2.1 Armour
 - Level 2.1 Dodging
 - Level 2.4 Stealth
 + Level 3.4 Spellcasting
 + Level 7.2 Necromancy


You had 8 spell levels left.
You knew the following spells:

 Your Spells              Type           Power        Failure   Level  Hunger
a - Pain                  Necr           ####         1%          1    None
v - Vampiric Draining     Necr           ####......   5%          3    ###....


Dungeon Overview and Level Annotations

Branches:
Dungeon (6/15)
 Temple: D:4-7

Altars:
Sif Muna

Annotations:
D:2 Robin
D:3 AdmiralAndromeda's ghost, amateur CeGl
D:5 exclusion: ogre, AdmiralAndromeda's ghost, novice CeGl
D:6 Menkaure


Innate Abilities, Weirdness & Mutations

You are resistant to damage.
You can heal yourself by infusing magical energy.
You passively map a small area around you.
You do not regenerate.


Message History

A bullfrog skeleton comes into view.
Found a whip and a worn gold wand.
There is a stone staircase leading up here.
Unknown command.
You climb upwards.
Level annotation: exclusion: ogre The phantom blinks!
There is a stone staircase leading down here.
Unknown command.
Unknown command.
The phantom completely misses you.
The phantom blinks!
AdmiralAndromeda's ghost (novice Centaur Gladiator) comes into view.
It is wielding a weapon of electrocution.
The phantom blinks!
AdmiralAndromeda's ghost turns its malevolent gaze towards you.
AdmiralAndromeda's ghost hits you.
* * * LOW HITPOINT WARNING * * *
AdmiralAndromeda's ghost hits you but does no damage.
You are electrocuted!
You die...

##########.#.....#....#.# ,*
#..........###.# ,
#...#...#..# #.#
,##.....##..# #.# , ,
#....#....###.# ,
,*##....#.##.##..#
,*###....##.##.#..## , ,
##.#.(..(.W>..#.## * *
#.......##@#....# *
#####....##.##.....##
###.....#..##.#.>...##
.....##.##.......#..#
.....##....##.......###
....#####.............# * *
....# ##.#..........####..
...## #...#.#..........$..
....######..##.#.......#.....


You could see AdmiralAndromeda's ghost.

Vanquished Creatures
  An ice beast (D:4)
  A centaur (D:5)
  An ogre (D:5)
  A killer bee (D:5)
  A howler monkey (D:4)
  A crimson imp (D:5)
  A bullfrog zombie (D:5)
  A worker ant (D:4)
  An orc wizard (D:5)
  2 adders
  A shadow imp (D:5)
  An adder skeleton (D:4)
  A dart slug (D:1)
  3 orcs (D:5)
  A ball python (D:5)
  A giant cockroach (D:3)
  A goblin (D:3)
  A hobgoblin (D:3)
  4 jackals (D:4)
  3 quokkas
  A bat (D:3)
  2 frilled lizards
  3 rats
34 creatures vanquished.

Vanquished Creatures (others)
  A fungus (D:5)
1 creature vanquished.

Grand Total: 35 creatures vanquished

Notes
Turn   | Place    | Note
-------+----------+-------------------------------------------
     0 | D:1      | letownia2 the Deep Dwarf Necromancer began the quest for the Orb.
     0 | D:1      | Reached XP level 1. HP: 15/15 MP: 3/3
   223 | D:2      | Noticed Robin
   293 | D:3      | Reached XP level 2. HP: 20/22 MP: 0/5
   409 | D:4      | Reached skill level 5 in Necromancy
   409 | D:4      | Reached XP level 3. HP: 26/28 MP: 3/6
   414 | D:4      | Learned a level 3 spell: Vampiric Draining
   436 | D:4      | Noticed a phantom
   677 | D:4      | Got a slimy robe
   688 | D:4      | Identified the +4 robe of Ikha {SInv} (You found it on level 4 of the Dungeon)
   840 | D:4      | Reached skill level 6 in Necromancy
   840 | D:4      | Reached XP level 4. HP: 24/36 MP: 0/7
  1110 | D:4      | Noticed an ice beast
  1229 | D:4      | Killed an ice beast
  1229 | D:4      | Reached skill level 1 in Fighting
  1229 | D:4      | Reached skill level 1 in Armour
  1229 | D:4      | Reached XP level 5. HP: 34/44 MP: 2/8
  1309 | D:5      | Entered Level 5 of the Dungeon
  1309 | D:5      | Noticed a phantom
  1367 | D:5      | Found a deep blue altar of Sif Muna.
  1397 | D:5      | Noticed an ogre
  1416 | D:5      | Killed an ogre
  1416 | D:5      | Reached XP level 6. HP: 28/51 MP: 1/10
  1661 | D:5      | Reached skill level 7 in Necromancy
  2028 | D:6      | Noticed Menkaure
  2029 | D:6      | HP: 2/55 [Menkaure/nerve-wracking pain (10)]
  2194 | D:3      | Reached XP level 7. HP: 4/61 MP: 5/12
  2258 | D:3      | Noticed AdmiralAndromeda's ghost (amateur CeGl)
  2353 | D:5      | Noticed AdmiralAndromeda's ghost (novice CeGl)
  2364 | D:5      | Mangled by AdmiralAndromeda's ghost

Skill      XL: |  1  2  3  4  5  6 |
---------------+-------------------+-----
Spellcasting   | 2 3 |  3.4
Necromancy     | 5 6 7 |  7.2
Fighting       | 1 2 |  2.4
Armour         | 1 2 |  2.1
Dodging        | |  2.1
Stealth        | |  2.4

Action                   |  1- 3 |  4- 6 |  7- 9 || total
-------------------------+-------+-------+-------++-------
Melee: Unarmed           |     8 |       |       ||     8
       Dagger            |    38 |   106 |       ||   144
 Cast: Pain              |    27 |     8 |       ||    35
       Vampiric Draining |     1 |    11 |     3 ||    15
  Use: Potion            |       |     1 |       ||     1
 Stab: Sleeping          |     2 |       |       ||     2
  Eat: Chunk             |       |     5 |     2 ||     7
Armor: Robe              |     7 |       |       ||     7
       Leather armour    |    10 |       |       ||    10
       Ring mail         |       |    51 |     1 ||    52
Dodge: Dodged            |    38 |    56 |     1 ||    95
